 Dungeon Crawl Stone Soup version 0.28-a0-998-gb9e9c7b67e (webtiles) character file.

Game seed: 1878227585025883559

239 oldriver the Magician (level 5, -3/38 HPs)
             Began as a Draconian Conjurer on Dec 5, 2021.
             Was an Initiate of Vehumet.
             Killed from afar by Ijyb (10 damage)
             ... with a bolt of acid
             ... on level 4 of the Dungeon.
             The game lasted 00:03:53 (4800 turns).

oldriver the Magician (Draconian Conjurer)          Turns: 4800, Time: 00:03:53

Health: -3/38      AC:  2    Str:  8 (9)  XL:     5   Next: 79%
Magic:  8/13       EV: 11    Int: 19 (21) God:    Vehumet [......]
Gold:   135        SH:  0    Dex:  7 (9)  Spells: 1/15 levels left

rFire   . . .      SeeInvis .   a - +2 whip (flame)
rCold   . . .      Faith    .   (no shield)
rNeg    . . .      Spirit   .   (armour unavailable)
rPois   .          Reflect  .   (helmet restricted)
rElec   .          Harm     .   g - +0 cloak
rCorr   .          Rampage  .   (no gloves)
Will    .....                   (no boots)
Stlth   +.........              (no amulet)
HPRegen 0.12/turn               (no ring)
MPRegen 0.13/turn               (no ring)

@: mighty, corroded
A: AC +5, unfitting armour, cold-blooded
a: Renounce Religion


You were on level 4 of the Dungeon.
You worshipped Vehumet.
Vehumet was noncommittal.
You visited 1 branch of the dungeon, and saw 4 of its levels.

You collected 135 gold pieces.

Inventory:

Hand Weapons
 a - a +2 whip of flaming (weapon)
Missiles
 k - 2 throwing nets
Armour
 g - a +0 cloak (worn)
Scrolls
 f - 3 scrolls of blinking
Potions
 d - a potion of cancellation
 h - 2 potions of flight
 i - a potion of haste
 l - a potion of heal wounds {unknown}


   Skills:
 + Level 0.1 Fighting
 + Level 1.8 Dodging
 + Level 1.7 Stealth
 * Level 5.6 Spellcasting
 + Level 4.1 Conjurations


You had one spell level left.
You knew the following spells:

 Your Spells              Type           Power      Damage    Failure   Level
a - Magic Dart            Conj           80%        1d7       2%          1
b - Searing Ray           Conj           40%        2d5       3%          2
c - Iskenderun's Mystic   Conj/Tloc      13%        2d5       45%         4
d - Fulminant Prism       Conj/Hex       6%         3d7       45%         4
e - Dazzling Flash        Conj/Hex       26%        N/A       16%         3

Your spell library contained the following spells:

 Spells                   Type           Power      Damage    Failure   Level
 Sublimation of Blood     Necr           5%         N/A       19%         2
 Wereblood                Tmut           5%         N/A       19%         2
 Summon Hydra             Summ           2%         N/A       100%        7


Dungeon Overview and Level Annotations

Branches:
Dungeon (4/15)
 Temple: D:4-7

Altars:
Vehumet

Shops:
D:4 (

Annotations:
D:4 Edmund, Ijyb


Innate Abilities, Weirdness & Mutations

Your plain brown scales are hard. (AC +5)
You cannot fit into any form of body armour.
You are cold-blooded and may be slowed by cold attacks.


Message History

As you read the scroll labelled RYBBIMP ILEAWK, it crumbles to dust.
It was a scroll of blinking.
There is a stone staircase leading down here.
You climb downwards.
Level annotation: Edmund
There is a stone staircase leading up here.
There is a stone staircase leading down here.
Ijyb the Twisted Goblin comes into view.
She is wielding a +0 club and carrying a wand of acid (8).
Ijyb shouts!
Casting: Searing Ray (safe; 2% risk of failure)
Confirm with . or Enter, or press ? or * to list all spells.
Aiming: Searing Ray (safe; 2% risk of failure)
Press: ? - help, Shift-Dir - straight line, f - Ijyb
Aim: Ijyb, wielding a +0 club, wearing a +0 ring mail and carrying a wand of acid (8) (75% to hit)
The searing ray hits Ijyb.
Ijyb is lightly wounded. (Press . to maintain the ray.) Ijyb barely misses you.
The searing ray hits Ijyb.
Ijyb is moderately wounded.
Ijyb barely misses you.
The searing ray hits Ijyb!
Ijyb is heavily wounded.
Ijyb zaps a wand.
The bolt of acid hits you!!
Ouch! That really hurt!
* * * LOW HITPOINT WARNING * * *
The acid corrodes you!
The searing ray hits Ijyb but does no damage.
Ijyb is heavily wounded.
You finish channelling your searing ray.
Ijyb closely misses you.
It was a potion of degeneration.
There was something very wrong with that liquid.
You feel weakened.
You feel dopey.
You feel clumsy. Ijyb hits you with a +0 club.
* * * LOW HITPOINT WARNING * * *
It was a potion of might.
You feel very mighty all of a sudden.
Ijyb zaps a wand.
The bolt of acid hits you!
You die...

#.##..##...######
#.#.# #.#
######.........##
#.#.# #..
..............##
#[..# #..
########....#.#
#.### ##. #
#......#
#.####### #
#..##.##
#........ #
#..##.#
##.####### #
....##.######
#.........
###.###....@.#
#..####### #.#
######g# #..# #.#
.# #..####### .#
#......... #. #.
.# ##.####### #.#
. .# #.# # #.#
.## .# #.# # #.#
..# .# #.### #
#.# #.# #...# #


You could see Ijyb.

Vanquished Creatures
  A phantom (D:4)
  A jelly (D:3)
  A hound (D:4)
  3 adders
  An adder skeleton (D:3)
  A dart slug (D:3)
  3 orcs (D:3)
  6 ball pythons
  7 endoplasms
  4 hobgoblins
  10 kobolds
  8 bats
  5 frilled lizards
  4 goblins
  A quokka skeleton (D:4)
  7 rats
63 creatures vanquished.

Vanquished Creatures (others)
  13 plants (D:3)
13 creatures vanquished.

Grand Total: 76 creatures vanquished

Notes
Turn   | Place    | Note
-------+----------+-------------------------------------------
     0 | D:1      | oldriver the Draconian Conjurer began the quest for the
                  | Orb.
     0 | D:1      | Reached XP level 1. HP: 14/14 MP: 3/3
   281 | D:1      | Reached XP level 2. HP: 20/20 MP: 1/5
   547 | D:1      | Found a faded altar of an unknown god.
  1041 | D:2      | Reached skill level 3 in Spellcasting
  1161 | D:2      | You fall into a shaft and drop 1 floor!
  1509 | D:2      | Reached XP level 3. HP: 26/26 MP: 2/7
  2941 | D:3      | Reached skill level 4 in Spellcasting
  2941 | D:3      | Reached XP level 4. HP: 26/33 MP: 2/10
  3796 | D:4      | Noticed a phantom
  3809 | D:4      | Killed a phantom
  3810 | D:4      | Reached skill level 5 in Spellcasting
  3810 | D:4      | Reached XP level 5. HP: 21/38 MP: 4/12
  3985 | D:4      | Found a radiant altar of Vehumet.
  4015 | D:4      | Became a worshipper of Vehumet
  4063 | D:4      | Found Veeklae's Weapon Shoppe.
  4353 | D:4      | Learned a level 2 spell: Searing Ray
  4358 | D:4      | Learned a level 4 spell: Iskenderun's Mystic Blast
  4363 | D:4      | Learned a level 4 spell: Fulminant Prism
  4367 | D:4      | Learned a level 3 spell: Dazzling Flash
  4487 | D:4      | Noticed Edmund
  4794 | D:4      | Noticed Ijyb
  4800 | D:4      | Killed from afar by Ijyb

Illustrated notes

Levels and vault maps discovered:
D:1:      dpeg_arrival_fog, layout_loops_cross,
          shapermc_ecumenical_altar_mp_urbaneastern
D:2:      layout_basic, serial_rivers, chequers_serial_rivers_small_b,
          chequers_serial_rivers_micro_b, chequers_serial_rivers_micro_a,
          chequers_serial_rivers_large_a
D:3:      layout_basic, serial_curves, eino_curves_03, eino_curves_01,
          eino_curves_02, eino_curves_03, lexackson_kobold_supper
D:4:      layout_loops_ring, nicolae_vehumet_altar_sigil, serial_shops, shop,
          uniq_ijyb, uniq_edmund

Skill      XL: |  1  2  3  4 |
---------------+-------------+-----
Spellcasting   | 3 4 5 |  5.6
Fighting       | |  0.1
Dodging        | |  1.8
Stealth        | |  1.7
Conjurations   | |  4.1

Action                   |  1- 3 |  4- 6 || total
-------------------------+-------+-------++-------
Melee: Whip              |    15 |     9 ||    24
       Tailslap          |     1 |       ||     1
 Cast: Magic Dart        |    81 |    52 ||   133
       Searing Ray       |       |     2 ||     2
  Use: Potion            |       |     5 ||     5
       Scroll            |       |     2 ||     2
Armor: Skin              |     8 |     8 ||    16
Dodge: Dodged            |    14 |    16 ||    30

Table legend: (Time is in decaauts)
 A = Elapsed time spent in this place.
 B = Non-inter-level travel time spent in this place.
 C = Inter-level travel time spent in this place.
 D = Time resting spent in this place.
 E = Time spent auto-exploring this place.
 F = Levels seen in this place.
 G = Mean time per level.
                   A        B        C        D        E       F      G
               +--------+--------+--------+--------+--------+-----+--------+
         Total |   4801 |   4659 |    142 |    664 |   3604 |   4 | 1200.2 |
       Dungeon |   4801 |   4659 |    142 |    664 |   3604 |   4 | 1200.2 |
               +--------+--------+--------+--------+--------+-----+--------+

Top non-repeatable levels by time:
     D:3: 1642 daAuts
     D:2: 1449 daAuts
     D:1: 961 daAuts
     D:4: 747 daAuts
